Unix NetHack Version 5.0.0-0 post-release - last build May  4 2026 22:22:43 (774f63e81ad911689b3a0859ea89b322d5daca8d,branch:main).

Game began 2026-05-10 18:56:38, ended 2026-05-10 19:13:47.

Brudee, neutral female human Valkyrie

               ---       ---
              --.--     --.--                                             ---
              |.....|   |.....--          ---- ----                      --.--
              |.....|   --.....--      ----..|--..|                      |...|
              |.....-----.......--------.....--...|                      |..-
              |..................................--                     --)--
            ---..--.-------......-----..........---------------------   |..|
           --...--|..     ......--   |..............................--- |.--
          --...-- ---      .....|    ---......*...-----------------...---.--
          |..---                       --............   ---       ---......--
          |.--                           -............ --.----      |.......|
         --.|                            |............-|.....--     ---....<|
         |..|                           ..........(...--......--      --....--
         |.--                            ............[.........#   ----|..)..--
         |.|                              ..............---...#-   |..--..-..)|
      . --.|                               .........--#-- -#---    |.........--
    --.-|0.|                               ........--  #           --.......-|
-----..||..--                               ----.                   |........|
|(h.d.---...|                                                       ---...|.--
|@..(.......|                                                         |.. ---
-------------
Brudee the Skirmisher       St:18/04 Dx:10 Co:17 In:9 Wi:9 Ch:9  Neutral
Dlvl:5  $:113 HP:0(52) Pw:13(13) AC:-1 Xp:5/227 T:1722 

Latest messages:
 You drop a candle.
 What do you want to drop? [$a-ce-yA-HJ-O or ?*] B
 You drop a blindfold.
 You miss the dwarf.
 The little dog misses the dwarf.
 You miss the dwarf.
 The little dog misses the dwarf.
 The dwarf thrusts her dwarvish short sword.
 The dwarf hits!
 The little dog misses the dwarf.
 The little dog misses the dwarf.
 The little dog misses the dwarf.
 You miss the dwarf.
 The little dog misses the dwarf.
 You miss the dwarf.
 The little dog misses the dwarf.
 The dwarf thrusts her dwarvish short sword.
 The dwarf misses!
 The little dog misses the dwarf.
 You miss the dwarf.
 The little dog misses the dwarf.
 The little dog misses the dwarf.
 You miss the dwarf.
 The little dog misses the dwarf.
 The dwarf thrusts her dwarvish short sword.
 The dwarf hits!
 The little dog misses the dwarf.
 You miss the dwarf.
 The little dog misses the dwarf.
 You miss the dwarf.
 The little dog misses the dwarf.
 The dwarf thrusts her dwarvish short sword.
 The dwarf misses!
 The little dog misses the dwarf.
 The dwarf thrusts her dwarvish short sword.
 The dwarf hits!
 The little dog misses the dwarf.
 The dwarf picks up 4 darts.
 Your little dog eats a gnome corpse.
 You miss the dwarf.
 The dwarf thrusts her dwarvish short sword.
 The dwarf hits!
 What do you want to drop? [$a-ce-yAC-HJ-O or ?*] e
 You drop an uncursed oil lamp (lit).
 Your movements are now unencumbered.
 The dwarf thrusts her dwarvish short sword.
 The dwarf hits!
 You die...
 Do you want your possessions identified? [ynq] (y) y
 Do you want to see your attributes? [ynq] (y) q

Inventory:
 Coins    ('$')
  $ - 113 gold pieces
 Weapons  (')')
  w - 6 +0 crossbow bolts
  H - 7 +1 darts
  J - 11 +0 darts
  b - a +0 dagger (alternate weapon; not wielded)
  a - a blessed +1 spear
  k - the +0 Orcrist (weapon in left hand)
 Armor    ('[')
  D - an uncursed +0 orcish helm (being worn)
  A - a cursed -2 pair of fumble boots
  c - an uncursed +3 small shield (being worn)
  g - an uncursed +0 banded mail (being worn)
 Comestibles  ('%')
  v - an uncursed lembas wafer
  l - 4 uncursed eggs
  q - an uncursed lichen corpse
 Scrolls  ('?')
  r - an uncursed scroll of charging
  j - 2 uncursed scrolls of destroy armor
  E - an uncursed scroll of identify
  C - a blessed scroll of magic mapping
  n - an uncursed scroll of scare monster
  O - an uncursed scroll of stinking cloud
  i - an uncursed scroll of teleportation
 Spellbooks  ('+')
  s - an uncursed spellbook of cure sickness
  o - an uncursed spellbook of detect monsters
  p - an uncursed spellbook of healing
 Potions  ('!')
  h - 2 uncursed potions of healing
  M - a blessed potion of levitation
  N - an uncursed potion of sickness
  m - an uncursed potion of sleeping
  x - a potion of holy water
 Rings    ('=')
  t - an uncursed ring of see invisible
 Wands    ('/')
  F - a wand of cancellation (0:8)
  G - a blessed wand of magic missile (0:3)
 Tools    ('(')
  y - an uncursed blindfold
 Gems/Stones  ('*')
  L - 2 uncursed garnet stones
  f - 2 uncursed worthless pieces of black glass
  K - an uncursed worthless piece of white glass
  u - 3 uncursed worthless pieces of yellow glass

Brudee the Valkyrie's attributes:

Background:
 You were a Skirmisher, a level 5 human Valkyrie.
 You were neutral, nominally on a mission for Odin
 who was opposed by Tyr (lawful) and Loki (chaotic).
 You were left-handed.
 You were in the Gnomish Mines, on level 5.
 You entered the dungeon 1722 turns ago.
 You had 227 experience points, 93 more were needed to attain level 6.

Basics:
 You had 0 out of 52 hit points.
 You had all 13 energy points (spell power).
 Your armor class was -1.
 Your wallet contained 113 zorkmids.
 Autopickup was on for '$"?+!=/' plus thrown.

Final Characteristics:
 Your strength was 18/04 (limit:18/100).
 Your dexterity was 10 (limit:18).
 Your constitution was 17 (limit:18).
 Your intelligence was 9 (limit:18).
 Your wisdom was 9 (limit:18).
 Your charisma was 9 (limit:18).

Final Status:
 You weren't hungry.
 You were unencumbered.
 You were wielding a broadsword.
 You had basic skill with broadsword.

Final Attributes:
 You were devoutly aligned.
 You were cold resistant.
 You were aware of the presence of orcs.
 You were stealthy.
 You were warded.
 You are dead.

Miscellaneous:
 You didn't encounter any bones levels.
 Total elapsed playing time was 17 minutes and 8 seconds.

Major events:
 Turn
    1: Brudee the neutral human Valkyrie entered the dungeon
  797: became literate by naming Orcrist
 1047: attained the rank of Skirmisher (level 3)
 1352: entered the Gnomish Mines
 1722: killed by a dwarf

You didn't know any spells.

Skills:
 Fighting Skills
   bare handed combat [Unskilled]
   two weapon combat  [Unskilled]
   riding             [Unskilled]
 Weapon Skills
   dagger             [Basic]
   axe                [Unskilled]
   pick-axe           [Unskilled]
   short sword        [Unskilled]
   broadsword         [Basic]
   long sword         [Unskilled]
   two-handed sword   [Unskilled]
   saber              [Unskilled]
   hammer             [Unskilled]
   quarterstaff       [Unskilled]
   polearms           [Unskilled]
   spear              [Basic]
   trident            [Unskilled]
   lance              [Unskilled]
   sling              [Unskilled]
 Spellcasting Skills
   attack spells      [Unskilled]
   escape spells      [Unskilled]

Voluntary challenges:
 Character rerolling was not enabled.
 You were an atheist.
 You never genocided any monsters.
 You never polymorphed an object.
 You never changed form.
 You used no wishes.
Achievements:
 You entered a shop.
 You attained the rank of Skirmisher.
 You entered the Gnomish Mines.

 The Dungeons of Doom: levels 1 to 4
    Level 1:
       A fountain.
    Level 2:
       A sink.
    Level 3:
       A general store, a fountain.
       Stairs down to The Gnomish Mines.
    Level 4:
 The Gnomish Mines: levels 4 to 5
    Level 4:
    Level 5: <- You were here.
       Final resting place for
          you, killed by a dwarf.


Vanquished creatures:
 an orc shaman
  a gnome leader
  a gnomish wizard
  5 giant ants
  a dwarf
  a rothe
 an iguana
  2 acid blobs
  a hobgoblin
  5 giant rats
  a brown mold
  a green mold
 14 gnomes
  a garter snake
  a gnome zombie
  3 geckos
  5 jackals
  a fox
  2 goblins
  a sewer rat
  3 grid bugs
  3 lichens
  a newt
56 creatures vanquished.

No species were genocided or became extinct.

Game over:
                       ----------
                      /          \
                     /    REST    \
                    /      IN      \
                   /     PEACE      \
                  /                  \
                  |      Brudee      |
                  |      113 Au      |
                  |   killed by a    |
                  |      dwarf       |
                  |                  |
                  |                  |
                  |       2026       |
                 *|     *  *  *      | *
        _________)/\\_//(\/(/\)/\//\/|_)_______

Farvel Brudee the Valkyrie...

You died in The Gnomish Mines on dungeon level 5 with 1210 points,
and 113 pieces of gold, after 1722 moves.
You were level 5 with a maximum of 52 hit points when you died.

